 Dungeon Crawl Stone Soup version 0.31-a0-431-g88bdf31460 (webtiles) character file.

Game seed: 16405716562562646090

31791 juan097 the Thaumaturge (level 13, -4/87 HPs)
             Began as a Djinni Air Elementalist on July 31, 2023.
             Was the Champion of Hepliaklqana.
             Shot with an arrow by a centaur warrior (19 damage)
             ... on level 9 of the Dungeon.
             The game lasted 00:38:40 (13362 turns).

juan097 the Thaumaturge (Djinni Air Elementalist)  Turns: 13362, Time: 00:38:41

Health: -4/87      AC:  6    Str:  7    XL:     13   Next: 99%
Gold:   434        EV: 20    Int: 23    God:    Hepliaklqana [******] SH:  0 Dex: 13

rFire   + + .        a - +2 dagger (venom)
rCold   . . .        (no shield)
rNeg    . . .        T - +2 robe {rC+}
rPois   ∞            (no helmet)
rElec   .            J - +0 cloak
rCorr   .            A - +0 pair of gloves
SInv    .            (boots unavailable)
Will    +....        g - amulet of faith
Stlth   ++           E - +5 ring of evasion
HPRegen 0.34/turn    y - ring of wizardry
MPRegen 0.00/turn

%: faith, wizardry (x1), infuse magic (-5 HP)
@: flying, studying Short Blades
A: reduced essence, sickness immunity, fire resistance 2, cold vulnerability 1,
float, innate caster, HP casting, extra vitality 1
a: Renounce Religion, Recall Ancestor, Ancestor Identity, Transference, Idealise


You were on level 9 of the Dungeon.
You worshipped Hepliaklqana.
Hepliaklqana was exalted by your worship.
You visited 3 branches of the dungeon, and saw 14 of its levels.
You also visited: Sewer.

You collected 696 gold pieces.
You spent 262 gold pieces at shops.

Inventory:

Hand Weapons
 a - a +2 dagger of venom (weapon)
 b - the +6 trident of Integrity {flame, Str+6}
   (You found it on level 6 of the Dungeon)

   Str:       It affects your strength (+6).
Missiles
 h - 30 poisoned darts
 C - 2 throwing nets
 R - 4 curare-tipped darts
Armour
 A - a +0 pair of gloves (worn)
 J - a +0 cloak (worn)
 K - an orb of guile
 Q - a +2 scale mail of fire resistance
 T - a +2 robe of cold resistance (worn)
Jewellery
 g - an amulet of faith (around neck)
 i - a ring of ice
 y - a ring of wizardry (right hand)
 E - a +5 ring of evasion (left hand)
Wands
 q - a wand of iceblast (16)
 D - a wand of charming (18)
 I - a wand of mindburst (11)
 M - a wand of polymorph (11)
 N - a wand of flame (20)
Scrolls
 f - a scroll of identify
 k - a scroll of vulnerability
 l - a scroll of fog {unknown}
 m - 6 scrolls of poison {unknown}
 o - a scroll of blinking
 r - 3 scrolls of immolation
 s - 3 scrolls of amnesia {unknown}
 w - 3 scrolls of enchant weapon {unknown}
 x - 6 scrolls of teleportation {unknown}
 B - 3 scrolls of noise {unknown}
 H - a scroll of fear {unknown}
 L - a scroll of silence {unknown}
 O - a scroll of enchant armour {unknown}
 S - 2 scrolls of acquirement {unknown}
Potions
 c - 3 potions of haste
 d - a potion of cancellation
 e - 4 potions of curing {unknown}
 j - a potion of enlightenment {unknown}
 n - 2 potions of attraction
 t - 4 potions of heal wounds
 u - 5 potions of brilliance {unknown}
 v - 3 potions of mutation {unknown}
 z - 3 potions of might {unknown}
 F - 4 potions of lignification {unknown}
 G - 2 potions of invisibility {unknown}


   Skills:
 + Level 10.6 Fighting
 - Level 4.0 Short Blades
 + Level 4.7 Armour
 + Level 7.2 Dodging
 - Level 4.0 Stealth
 + Level 12.2 Spellcasting
 + Level 12.2 Conjurations
 + Level 12.2 Hexes
 + Level 12.2 Summonings
 + Level 12.2 Necromancy
 + Level 12.2 Translocations
 + Level 12.2 Transmutations
 + Level 12.2 Fire Magic
 + Level 12.2 Ice Magic
 + Level 12.2 Air Magic
 + Level 12.2 Earth Magic
 + Level 12.2 Poison Magic
 + Level 7.0 Invocations
 + Level 5.4 Evocations


You knew the following spells:

 Your Spells              Type           Power      Damage    Failure   Level
a - Shock                 Conj/Air       100%       1d9       1%          1
b - Static Discharge      Conj/Air       100%       2-7/arc   1%          2
c - Swiftness             Air            63%        N/A       1%          3
d - Airstrike             Air            31%        2d(5-21)  1%          4
e - Apportation           Tloc           100%       N/A       1%          1
f - Blink                 Tloc           100%       N/A       1%          2
g - Inner Flame           Hex/Fire       63%        N/A       1%          3
h - Call Canine Familiar  Summ           63%        N/A       1%          3
i - Borgnjor's Vile Clut  Necr/Erth      31%        N/A       1%          5
j - Arcjolt               Conj/Air       31%        1d41      1%          5
Your spell library was empty.

Dungeon Overview and Level Annotations

Branches:
Dungeon (9/15)             Temple (1/1) D:4            Lair (4/5) D:8
  Swamp (0/4) Lair:2        Snake (0/4) Lair:3        Slime (0/5) Lair:4
  Sewer (visited)
    Orc: D:9-12

Altars:
Ashenzari
Cheibriados
Dithmenos
Elyvilon
Fedhas
Hepliaklqana
Makhleb
Nemelex Xobeh
Okawaru
Qazlal
Ru
Trog
Uskayaw
Wu Jian
Zin
The Shining One
Jiyva

Shops:
D:1 (:(   D:3 *


Innate Abilities, Weirdness & Mutations

Your life essence is reduced to manifest your ancestor. (-10% HP)
You are immune to sickness and miasma.
You are immune to poison.
Your flesh is very heat resistant. (rF++)
You are vulnerable to cold. (rC-)
You float through the air rather than walking.
You learn spells naturally, not from books.
Your magical power is your life essence.
You have superior vitality. (+4 MHP)


Message History

Casting: Inner Flame (safe; 1% risk of failure)
Confirm with . or Enter, or press ? or * to list all spells.
Aiming: Airstrike (safe; 1% risk of failure)
Press: ? - help, Dir - move target, f/p - centaur warrior
Aim: a centaur warrior, wielding a +0 shortbow and quivering stones (inner flame, ally target, empty space bonus: 2/8)
The air twists around and strikes the centaur warrior.
Flame seeps out of the centaur warrior.
The centaur warrior is lightly wounded.
* * * LOW HITPOINT WARNING * * *
The centaur warrior is engulfed in blazing flames.
Flame seeps out of the centaur warrior.
The centaur warrior shoots an arrow.
The arrow hits Amurritum!
Casting: Airstrike (safe; 1% risk of failure)
Confirm with . or Enter, or press ? or * to list all spells.
Aiming: Shock (safe; 1% risk of failure)
Press: ? - help, Shift-Dir - straight line, f/p - centaur warrior
Aim: a centaur warrior, wielding a +0 shortbow and quivering stones (flame, moderately wounded, inner flame, ally target, 81% to hit)
Amurritum avoids your attack.
The zap hits the centaur warrior!
Flame seeps out of the centaur warrior.
The centaur warrior is moderately wounded.
* * * LOW HITPOINT WARNING * * *
The centaur warrior is engulfed in blazing flames.
Flame seeps out of the centaur warrior.
The centaur warrior shoots an arrow.
The arrow hits Amurritum.
The centaur warrior is engulfed in blazing flames.
Flame seeps out of the centaur warrior.
The centaur warrior shoots an arrow.
The arrow barely misses you.
Casting: Shock (safe; 1% risk of failure)
Confirm with . or Enter, or press ? or * to list all spells.
Aiming: Borgnjor's Vile Clutch (mildly dangerous; 1% risk of failure)
Press: ? - help, Shift-Dir - straight line, f/p - centaur warrior
Aim: a centaur warrior, wielding a +0 shortbow and quivering stones (flame, heavily wounded, inner flame, ally target, 100% to hit)
Zombie hands grab the centaur warrior.
* * * LOW HITPOINT WARNING * * *
The zombie hands constrict the centaur warrior.
Flame seeps out of the centaur warrior.
The centaur warrior is engulfed in blazing flames.
Flame seeps out of the centaur warrior.
The centaur warrior shoots an arrow.
The arrow hits you!!
You die...

....................>..###
.............P............
...........#.P)##.........
..>######.)#.Pc##.########
.. #..#.PR##.# .
#..#...##.# #.)#.:.##.#
#.))..###.# #.@#### #.#
#####..######.#
............<.).########
....................)...
.................######
.#######..............#
#..............#
#..............###
..#######.................


You could see the friendly Amurritum the knight and a centaur warrior (inner
flame, clutched, ally target).

Vanquished Creatures
  Nessos (Lair:3)
  Josephine (Lair:4)
  2 hydras (Lair:4)
  A boulder beetle (Lair:2)
  6 death yaks
  Sonja (Lair:3)
  A skyshark (Lair:2)
  A fire crab (Lair:4)
  Pikel (D:7)
  A bog body (Lair:2)
  3 black mambas
  7 elephants (Lair:3)
  A torpor snail (Lair:4)
  Joseph (D:7)
  9 cane toads
  5 komodo dragons
  2 polar bears
  A hornet (D:8)
  3 blink frogs (Lair:4)
  A ynoxinul (D:9)
  3 basilisks
  3 wraiths (Lair:4)
  27 yaks
  A steam dragon (Lair:1)
  6 water moccasins
  A black bear (Lair:1)
  A sky beast (D:8)
  An orc warrior (D:7)
  An ogre (D:5)
  14 wolves
  3 centaurs
  A lemure (D:7)
  A phantom (D:5)
  3 kobold brigands
  10 bullfrogs
  2 scorpions
  2 gnoll sergeants
  A howler monkey (D:5)
  2 quasits (D:9)
  2 hounds
  4 jellies
  6 orc priests
  Crazy Yiuf (D:2)
  7 orc wizards
  2 iguanas (D:5)
  8 gnolls
  8 adders
  A river rat (Sewer)
  2 ufetubi
  2 worms
  5 dart slugs
  16 orcs
  11 ball pythons
  14 endoplasms
  11 giant cockroaches
  5 goblins
  7 hobgoblins
  3 jackals (D:3)
  28 kobolds
  A quokka (D:5)
  3 bats
  7 frilled lizards
  8 rats
294 creatures vanquished.

Vanquished Creatures (collateral kills)
  3 elephants (Lair:3)
  A black mamba (Lair:3)
  2 cane toads
  A komodo dragon (Lair:2)
  A wraith (Lair:4)
  6 yaks
  A wyvern (Lair:1)
  A steam dragon (D:8)
  A naga (Lair:3)
  A black bear (D:5)
  A sky beast (D:8)
  3 wolves
  A kobold brigand (D:6)
  3 bullfrogs
  2 adders
  A worm (D:6)
  An orc (D:8)
  A giant cockroach (Sewer)
31 creatures vanquished.

Vanquished Creatures (others)
  An ancestor (D:5)
1 creature vanquished.

Grand Total: 326 creatures vanquished

Notes
Turn   | Place    | Note
-------+----------+-------------------------------------------
     0 | D:1      | juan097 the Djinni Air Elementalist began the quest for the
                  | Orb.
     0 | D:1      | juan097 set off with the following spells memorised: Shock,
                  | Static Discharge, Swiftness, Airstrike.
     0 | D:1      | Reached XP level 1. HP: 15/15 MP: 0/0
   103 | D:1      | Found Cuamoar's Antique Weapon Shoppe.
   168 | D:1      | Found Lyeprak's Book Shop.
   234 | D:1      | Found Aporoe Fini's Weapon Shop.
   241 | D:1      | Reached XP level 2. HP: 20/22 MP: 0/0
   656 | D:2      | Found a stormy altar of Qazlal.
   721 | D:2      | Found a runed translucent door.
   722 | D:2      | Noticed Crazy Yiuf
   777 | D:2      | Reached XP level 3. HP: 25/26 MP: 0/0
   777 | D:2      | Learned a level 1 spell: Apportation
   944 | D:2      | Reached skill level 1 in Fighting
  1243 | D:2      | Reached XP level 4. HP: 26/32 MP: 0/0
  1583 | D:3      | Found a shadowy altar of Dithmenos.
  1793 | D:3      | Noticed a scorpion
  1798 | D:3      | Killed a scorpion
  1799 | D:3      | Reached XP level 5. HP: 35/38 MP: 0/0
  1799 | D:3      | Learned a level 2 spell: Blink
  1820 | D:3      | Found Xacwicipp's Assorted Antiques.
  1830 | D:3      | Bought a smoky pink potion for 18 gold pieces
  1830 | D:3      | Bought 2 ruby potions for 37 gold pieces
  1830 | D:3      | Bought a sedimented grey potion for 18 gold pieces
  1830 | D:3      | Bought a scroll labelled BAWNED QOSTRIAWN for 21 gold
                  | pieces
  1956 | D:3      | Reached XP level 6. HP: 29/43 MP: 0/0
  2651 | D:4      | Found a staircase to the Ecumenical Temple.
  2682 | Temple   | Entered the Ecumenical Temple
  2688 | Temple   | Became a worshipper of Hepliaklqana the Forgotten
  3174 | D:4      | Reached * piety under Hepliaklqana
  3397 | D:5      | Entered Level 5 of the Dungeon
  3441 | D:5      | Noticed an ogre
  3447 | D:5      | Killed an ogre
  3448 | D:5      | Reached XP level 7. HP: 41/45 MP: 0/0
  3448 | D:5      | Learned a level 3 spell: Inner Flame
  3736 | D:5      | Reached skill level 5 in Spellcasting
  3736 | D:5      | Reached skill level 5 in Conjurations
  3736 | D:5      | Reached skill level 5 in Hexes
  3736 | D:5      | Reached skill level 5 in Summonings
  3736 | D:5      | Reached skill level 5 in Necromancy
  3736 | D:5      | Reached skill level 5 in Translocations
  3736 | D:5      | Reached skill level 5 in Transmutations
  3736 | D:5      | Reached skill level 5 in Fire Magic
  3736 | D:5      | Reached skill level 5 in Ice Magic
  3736 | D:5      | Reached skill level 5 in Air Magic
  3736 | D:5      | Reached skill level 5 in Earth Magic
  3736 | D:5      | Reached skill level 5 in Poison Magic
  3758 | D:5      | Reached XP level 8. HP: 48/52 MP: 0/0
  3854 | D:5      | Noticed a yak
  3860 | D:5      | Killed a yak
  4405 | D:3      | Bought a scroll labelled BAWNED QOSTRIAWN for 21 gold
                  | pieces
  4405 | D:3      | Bought a scroll labelled TUBAIN IDEESE for 21 gold pieces
  4405 | D:3      | Bought a scroll labelled ILOEX HUXT for 21 gold pieces
  4405 | D:3      | Bought a scroll labelled MADDAXZ IZAO for 21 gold pieces
  4405 | D:3      | Bought a bronze wand for 84 gold pieces
  4486 | D:2      | Killed Crazy Yiuf
  4679 | D:6      | Noticed a yak
  4679 | D:6      | Noticed a yak
  4679 | D:6      | Noticed a yak
  4679 | D:6      | Noticed a yak
  4697 | D:6      | Reached ** piety under Hepliaklqana
  4698 | D:6      | Remembered your ancestor Amurritum as a knight
  4803 | D:6      | Found a glowing drain.
  4823 | Sewer    | Entered a sewer
  5041 | Sewer    | Found a viscous altar of Jiyva.
  5067 | Sewer    | Reached skill level 1 in Short Blades
  5249 | D:6      | Identified the +6 trident of Integrity {flame, Str+6}
  5387 | D:6      | Killed a yak
  5391 | D:6      | Killed a yak
  5391 | D:6      | Killed a yak
  5391 | D:6      | Killed a yak
  5392 | D:6      | Reached skill level 5 in Fighting
  5392 | D:6      | Reached XP level 9. HP: 47/58 MP: 0/0
  5392 | D:6      | Learned a level 3 spell: Call Canine Familiar
  5798 | D:6      | Reached *** piety under Hepliaklqana
  6013 | D:7      | Noticed Joseph
  6021 | D:7      | Killed Joseph
  6144 | D:7      | You are sucked into a shaft and drop 1 floor!
  6367 | D:8      | Reached XP level 10. HP: 59/64 MP: 0/0
  6370 | D:8      | Reached skill level 1 in Armour
  6370 | D:8      | Reached skill level 1 in Invocations
  6370 | D:8      | Reached skill level 1 in Evocations
  6871 | D:8      | Found a staircase to the Lair.
  7150 | D:7      | Noticed Pikel
  7161 | D:7      | Killed Pikel
  7162 | D:7      | Reached skill level 5 in Dodging
  7660 | Lair:1   | Entered Level 1 of the Lair of Beasts
  7699 | Lair:1   | Reached XP level 11. HP: 67/71 MP: 0/0
  7699 | Lair:1   | Learned a level 5 spell: Borgnjor's Vile Clutch
  7748 | Lair:1   | Reached **** piety under Hepliaklqana
  8008 | Lair:1   | Reached skill level 5 in Invocations
  8813 | Lair:2   | Noticed a bog body
  8820 | Lair:2   | Killed a bog body
  8821 | Lair:2   | Found a staircase to the Swamp.
  8840 | Lair:2   | Noticed a boulder beetle
  8845 | Lair:2   | Killed a boulder beetle
  8846 | Lair:2   | Reached XP level 12. HP: 21/80 MP: 0/0
  9142 | Lair:2   | Reached ***** piety under Hepliaklqana
  9183 | Lair:2   | Noticed a skyshark
  9190 | Lair:2   | Killed a skyshark
  9730 | Lair:2   | Reached skill level 10 in Fighting
  9965 | Lair:3   | Noticed Nessos
  9969 | Lair:3   | Killed Nessos
  9970 | Lair:3   | Reached skill level 10 in Spellcasting
  9970 | Lair:3   | Reached skill level 10 in Conjurations
  9970 | Lair:3   | Reached skill level 10 in Hexes
  9970 | Lair:3   | Reached skill level 10 in Summonings
  9970 | Lair:3   | Reached skill level 10 in Necromancy
  9970 | Lair:3   | Reached skill level 10 in Translocations
  9970 | Lair:3   | Reached skill level 10 in Transmutations
  9970 | Lair:3   | Reached skill level 10 in Fire Magic
  9970 | Lair:3   | Reached skill level 10 in Ice Magic
  9970 | Lair:3   | Reached skill level 10 in Air Magic
  9970 | Lair:3   | Reached skill level 10 in Earth Magic
  9970 | Lair:3   | Reached skill level 10 in Poison Magic
 10110 | Lair:3   | Noticed a death yak
 10110 | Lair:3   | Noticed a death yak
 10110 | Lair:3   | Noticed a death yak
 10140 | Lair:3   | Noticed Sonja
 10374 | Lair:3   | Killed Sonja
 10400 | Lair:3   | Found a staircase to the Snake Pit.
 10427 | Lair:3   | Reached XP level 13. HP: 34/86 MP: 0/0
 10427 | Lair:3   | Learned a level 5 spell: Arcjolt
 11293 | Lair:4   | Noticed Josephine
 11304 | Lair:4   | Killed Josephine
 11965 | Lair:4   | Found a staircase to the Slime Pits.
 11965 | Lair:4   | Found a viscous altar of Jiyva.
 12044 | Lair:4   | Noticed a seven-headed hydra
 12057 | Lair:4   | Reached skill level 5 in Evocations
 12171 | Lair:4   | Killed a seven-headed hydra
 12440 | Lair:4   | Noticed a four-headed hydra
 12443 | Lair:4   | Killed a four-headed hydra
 12512 | Lair:4   | Reached ****** piety under Hepliaklqana
 13357 | D:9      | Noticed a centaur warrior
 13362 | D:9      | Shot with an arrow by a centaur warrior

Illustrated notes

Levels and vault maps discovered:
D:1:      scummos_arrival_simple_fountains, layout_loops_ring, serial_shops,
          shop, nicolae_shop_bloodbath_and_beyond, shop, serial_bayou_crossing
D:2:      layout_loops_ring, basic_altar, due_unseen_surprise,
          uniq_crazy_yiuf_cottage
D:3:      layout_basic, overflow_temple_1_default, serial_shops,
          nicolae_lakefront_shop
D:4:      layout_basic, minmay_temple_entry_trees, grunt_decor_mini_mirrors,
          minmay_three_crescents
D:5:      layout_cave_pools, minmay_manual_macuahuitl
D:6:      layout_gridville, cheibrodos_sewer_entry_bend
D:7:      layout_cave_pools, minmay_tree_intersection, uniq_joseph, uniq_pikel
D:8:      layout_loops_ring, lair_entry_dummy
D:9:      layout_small_grid, mainiacjoe_overflow_boulevard,
          nicolae_overflow_hidden_temple, serial_shops, shop, serial_demonic,
          serial_demonic_a, serial_demonic_a, serial_demonic_d, serial_demonic_a
Temple:   nicolae_temple_no_exploring_needed
Lair:1:   layout_regular_city, nicolae_lair_grove_arrangements,
          chequers_serial_rivers_small_b, lemuel_fruit_tree
Lair:2:   layout_regular_city, skrybe_swamp_entry_bodies
Lair:3:   layout_chaotic_city, guppyfry_snake_entry_garden,
          lightli_volcano_entry_magma_tube, uniq_nessos, uniq_sonja
Lair:4:   layout_cave_pods, slime_entry_1, grunt_megastairs_2,
          serial_bayou_shore_b, infiniplex_staircase_pool, uniq_josephine

Skill      XL: |  1  2  3  4  5  6  7  8  9 10 11 12 13 |
---------------+----------------------------------------+-----
Spellcasting   | 4 5 6 8 9 11 12 | 12.2
Conjurations   | 4 5 6 8 9 11 12 | 12.2
Hexes          | 4 5 6 8 9 11 12 | 12.2
Summonings     | 4 5 6 8 9 11 12 | 12.2
Necromancy     | 4 5 6 8 9 11 12 | 12.2
Translocations | 4 5 6 8 9 11 12 | 12.2
Transmutations | 4 5 6 8 9 11 12 | 12.2
Fire Magic     | 4 5 6 8 9 11 12 | 12.2
Ice Magic      | 4 5 6 8 9 11 12 | 12.2
Air Magic      | 4 5 6 8 9 11 12 | 12.2
Earth Magic    | 4 5 6 8 9 11 12 | 12.2
Poison Magic   | 4 5 6 8 9 11 12 | 12.2
Fighting       | 1 2 3 5 6 7 9 10 | 10.6
Stealth        | 2 3 4 |  4.0
Dodging        | 3 5 6 7 |  7.2
Short Blades   | 3 4 |  4.0
Armour         | 3 4 |  4.7
Invocations    | 3 6 7 |  7.0
Evocations     | 3 4 5 |  5.4

Action                     |  1- 3 |  4- 6 |  7- 9 | 10-12 | 13-15 || total
---------------------------+-------+-------+-------+-------+-------++-------
  Melee: Dagger            |       |       |     3 |    10 |    17 ||    30
         Punch             |       |       |       |       |     2 ||     2
  Throw: Dart              |       |     2 |     2 |       |       ||     4
   Cast: Shock             |    58 |    93 |   152 |    97 |    12 ||   412
         Static Discharge  |       |    10 |       |     1 |       ||    11
         Inner Flame       |       |       |    26 |    68 |    48 ||   142
         Airstrike         |       |       |     2 |    56 |    52 ||   110
         Borgnjor's Vile C |       |       |       |       |     7 ||     7
 Invoke: Ancestor Life: Kn |       |       |     1 |       |       ||     1
         Recall Ancestor   |       |       |     1 |     4 |     3 ||     8
  Evoke: Wand              |       |       |       |     3 |       ||     3
    Use: Scroll            |       |       |     7 |     1 |     2 ||    10
   Stab: Sleeping          |       |       |     3 |       |     1 ||     4
 Armour: Leather armour    |     2 |       |     2 |     7 |     3 ||    14
         Robe              |       |       |       |       |     1 ||     1
  Dodge: Dodged            |     8 |    10 |    14 |    17 |    17 ||    66

Table legend: (Time is in decaauts)
 A = Elapsed time spent in this place.
 B = Non-inter-level travel time spent in this place.
 C = Inter-level travel time spent in this place.
 D = Time resting spent in this place.
 E = Time spent auto-exploring this place.
 F = Levels seen in this place.
 G = Mean time per level.
                   A        B        C        D        E       F      G
               +--------+--------+--------+--------+--------+-----+--------+
         Total |  13362 |  12728 |    634 |    232 |  10479 |  15 |  890.8 |
       Dungeon |   7610 |   7179 |    431 |      0 |   6121 |   9 |  845.6 |
        Temple |     12 |      7 |      5 |      0 |      0 |   1 |   12.0 |
          Lair |   5402 |   5204 |    198 |    232 |   4122 |   4 | 1350.5 |
         Sewer |    336 |    336 |      0 |      0 |    236 |   1 |  336.0 |
               +--------+--------+--------+--------+--------+-----+--------+

Top non-repeatable levels by time:
  Lair:4: 1605 daAuts
  Lair:1: 1317 daAuts
     D:3: 1276 daAuts
  Lair:3: 1240 daAuts
  Lair:2: 1238 daAuts
     D:8: 1150 daAuts
     D:2: 1129 daAuts
     D:5: 856 daAuts
     D:6: 791 daAuts
     D:7: 781 daAuts
     D:4: 766 daAuts
     D:1: 655 daAuts
   Sewer: 336 daAuts
     D:9: 203 daAuts
  Temple: 12 daAuts
